 Dungeon Crawl Stone Soup version 0.21-a0-509-gecc5317 (webtiles) character file.

278 slep the Chopper (level 6, -3/52 HPs)
             Began as a Minotaur Gladiator on Dec 1, 2017.
             Slain by a mummy (13 damage)
             ... in an ossuary.
             The game lasted 00:08:14 (2035 turns).

slep the Chopper (Minotaur Gladiator)               Turns: 2035, Time: 00:08:16

Health: -3/52      AC:  8    Str: 18    XL:     6   Next: 5%
Magic:  5/5        EV: 12    Int:  5    God:
Gold:   203        SH:  0    Dex: 14    Spells: 5/5 levels left

rFire    . . .     SeeInvis .   a - +0 war axe
rCold    . . .     Gourm    .   (no shield)
rNeg     . . .     Faith    .   l - +0 scale mail
rPois    .         Spirit   .   c - +0 hat
rElec    .         Reflect  .   t - +0 cloak
rCorr    .         Harm     .   o - +0 pair of gloves
MR       .....                  (no boots)
Stlth    ..........             (no amulet)
HPRegen  0.17/turn              (no ring)
MPRegen  0.09/turn              (no ring)

@: marked
A: retaliatory headbutt, horns 2
a: no special abilities


You were in an ossuary.
You were not hungry.

You visited 1 branch of the dungeon, and saw 4 of its levels.
You also visited: Ossuary.

You collected 203 gold pieces.

Inventory:

Hand Weapons
 a - a +0 war axe (weapon)
Missiles
 d - 4 throwing nets (quivered)
Armour
 b - a +0 leather armour
 c - a +0 hat (worn)
 l - a +0 scale mail (worn)
 o - a +0 pair of gloves (worn)
 t - a +0 cloak (worn)
 y - a -1 leather armour
Jewellery
 p - a -2 ring of slaying
 x - an uncursed ring of teleportation
Wands
 w - a wand of flame (16)
Scrolls
 e - a scroll of random uselessness {unknown}
 i - a scroll of teleportation
 k - a scroll of noise
 m - a scroll of blinking {unknown}
 r - a scroll of immolation
 s - a scroll of fear {unknown}
 u - 2 scrolls of remove curse
 A - 3 scrolls of enchant weapon {unknown}
Potions
 h - a potion of might
 j - a potion of heal wounds {unknown}
 n - a potion of curing {unknown}
 q - a potion of flight {unknown}
 z - a potion of magic {unknown}
Comestibles
 f - 2 bread rations
 g - 5 meat rations
 v - a fruit
 B - a royal jelly


   Skills:
 + Level 3.7 Fighting
 + Level 6.0 Axes
 + Level 2.1 Throwing
 + Level 2.2 Armour
 + Level 4.6 Dodging
 + Level 0.2 Stealth


You had 5 spell levels left.
You didn't know any spells.

Dungeon Overview and Level Annotations

Branches:
Dungeon (4/15)
 Temple: D:4-7

Altars:
Fedhas
Gozag
Trog
Wu Jian
Xom
The Shining One


Innate Abilities, Weirdness & Mutations

You reflexively headbutt those who attack you in melee.
You have a pair of horns on your head.


Message History

You barely miss the elf zombie. The kobold zombie barely misses you.
The elf zombie hits you.
* * * LOW HITPOINT WARNING * * *
You barely miss the mummy.
The mummy is severely damaged.
You barely miss the kobold zombie. You slash the hobgoblin zombie!
You destroy the hobgoblin zombie!
You hit the elf zombie but do no damage.
The kobold zombie barely misses you.
The elf zombie hits you but does no damage.
The mummy hits you.
* * * LOW HITPOINT WARNING * * *
You barely miss the mummy.
You headbutt the mummy, but do no damage.
The mummy is severely damaged.
You slash the kobold zombie!
You destroy the kobold zombie!
You barely miss the elf zombie. The elf zombie completely misses you.
The mummy hits you!
You die...

#....................#
#...##############...#
#...# #...# #...#
#...# #...## #...#
#...####+.... #...#
#...#.....∩.# #...#
#...#.......# #...#
#...#....MZ.# #...#
#...#....@..####.#...#
#...#............#...#
#...#.####..####.#...#
#...# #^.# #...# #...#
#^.# #...#
#...######..######...#
#....................#
#........8..8........#
#....................#


You could see a mummy and an elf zombie.

Vanquished Creatures
  An ogre (D:3)
  An orc priest (D:3)
  Terence (D:2)
  A mummy (Ossuary)
  4 adders (D:2)
  An ooze (D:3)
  An adder zombie (Ossuary)
  3 worms
  5 orcs (D:3)
  4 giant cockroaches
  3 goblins
  6 hobgoblins
  5 jackals
  A quokka (D:2)
  5 bats
  A frilled lizard (D:2)
  A goblin zombie (Ossuary)
  5 hobgoblin zombies (Ossuary)
  3 jackal zombies (Ossuary)
  4 kobolds (D:1)
  9 kobold zombies (Ossuary)
  11 orc zombies (Ossuary)
  9 rats
85 creatures vanquished.

Notes
Turn   | Place    | Note
-------+----------+-------------------------------------------
     0 | D:1      | slep the Minotaur Gladiator began the quest for the Orb.
     0 | D:1      | Reached XP level 1. HP: 18/18 MP: 0/0
   162 | D:1      | Reached XP level 2. HP: 25/25 MP: 1/1
   618 | D:2      | Reached skill level 4 in Axes
   618 | D:2      | Reached XP level 3. HP: 26/30 MP: 2/2
   855 | D:2      | Noticed Terence
   866 | D:2      | Killed Terence
   866 | D:2      | Reached skill level 1 in Armour
   866 | D:2      | Reached XP level 4. HP: 27/38 MP: 3/3
  1362 | D:3      | Found a bloodstained altar of Trog.
  1606 | D:3      | Reached skill level 5 in Axes
  1606 | D:3      | Reached XP level 5. HP: 38/45 MP: 4/4
  1697 | D:3      | Noticed an ogre
  1734 | D:3      | Killed an ogre
  1735 | D:3      | Found a glowing golden altar of the Shining One.
  1735 | D:3      | Found an ornate altar of the Wu Jian Council.
  1736 | D:3      | Found a blossoming altar of Fedhas.
  1888 | D:4      | Found an opulent altar of Gozag.
  1889 | D:4      | Found a shimmering altar of Xom.
  1923 | D:4      | Found a sand-covered staircase.
  1932 | Ossuary  | Entered an ossuary
  2031 | Ossuary  | Reached skill level 6 in Axes
  2033 | Ossuary  | Reached XP level 6. HP: 14/52 MP: 5/5
  2035 | Ossuary  | Slain by a mummy

Vault maps used:
D:1:      saegor_arrival_simple_a
D:2:      first_bread, hangedman_decor_clover_reticule, uniq_terence
D:3:      gammafunk_temple_overflow_claw, trog_three_pillars_becter
D:4:      nicolae_overflow_hidden_temple, nicolae_ossuary_entry_ruins
Ossuary:  ossuary_tomb_1

Skill      XL: |  1  2  3  4  5 |
---------------+----------------+-----
Axes           | 4 5 6 |  6.0
Dodging        | 4 |  4.6
Fighting       | 3 |  3.7
Armour         | 1 2 |  2.2
Throwing       | |  2.1
Stealth        | |  0.2

Action                   |  1- 3 |  4- 6 || total
-------------------------+-------+-------++-------
Melee: War axe           |    62 |    76 ||   138
       Headbutt          |     9 |    21 ||    30
  Use: Scroll            |       |     5 ||     5
  Eat: Chunk             |       |     4 ||     4
Armor: Leather armour    |    16 |     1 ||    17
       Scale mail        |       |    33 ||    33
Dodge: Dodged            |    53 |    72 ||   125

Table legend:
 A = Spawn XP
 B = Non-spawn XP
 C = Spawn XP percentage of total XP
 D = Spawn monster count
 E = Non-spawn monster count
 F = Spawn count percentage of total count
 G = Total turns spent on level
                    A         B        C        D         E        F      G
               +---------+---------+-------+---------+---------+-------+---------
         Total |       0 |     398 |   0.0 |       0 |      85 |   0.0 |  2035
               +---------+---------+-------+---------+---------+-------+---------
           D:1 |       0 |      29 |   0.0 |       0 |      19 |   0.0 |   553
           D:2 |       0 |     111 |   0.0 |       0 |      16 |   0.0 |   808
           D:3 |       0 |     203 |   0.0 |       0 |      18 |   0.0 |   493
           D:4 |       0 |       2 |   0.0 |       0 |       1 |   0.0 |    78
       Ossuary |       0 |      53 |   0.0 |       0 |      31 |   0.0 |   103
               +---------+---------+-------+---------+---------+-------+---------
